 Dungeon Crawl Stone Soup version bcrawl-1.23.4-4-gb897bc9fbb (webtiles) character file.

Game seed: 10580093828844413498

1929065 Artagas the Evocator (level 25, 228/243 HPs)
             Began as a Deep Dwarf Fighter on June 7, 2020.
             Was the Champion of Ru.
             Escaped with the Orb
             ... and 3 runes on June 8, 2020!
             The game lasted 04:22:25 (52560 turns).

Artagas the Evocator (Deep Dwarf Fighter)          Turns: 52560, Time: 04:22:26

Health: 228/243    AC: 59    Str: 45    XL:     25
Magic:  39/39      EV: 19    Int: 12    God:    Ru [******]
Gold:   1174       SH: 39    Dex: 18    Spells: 24/24 levels left

rFire    + . .     SeeInvis +   a - +9 broad axe (elec)
rCold    + + .     Gourm    .   Z - +8 large shield
rNeg     + . .     Faith    .   w - +14 crystal plate armour "Gicet" {rPois Int+2 Dex+4}
rPois    +         Spirit   .   m - +2 hat {MR+}
rElec    +         Reflect  +   I - +1 cloak of Starlight {rElec rC+ EV+4 Stlth--}
rCorr    .         Harm     .   x - +0 pair of gloves "Jodwusio" {Str+6}
MR       ++++.     NoTele   +   N - +2 pair of boots {Fly}
Stlth    ..........             p - amulet "Plog" {Reflect rPois rC+ Str+4 SH+3}
HPRegen  0.00/turn              X - +5 ring of protection
MPRegen  0.26/turn              i - ring "Juagg" {-Tele +Inv rF+ Str+6 SInv}

@: flying, non-regenerating, drained
A: damage resistance, hooves 1, icy blue scales 1, rugged brown scales 1, thin
skeletal structure 1, frail 1, negative energy resistance 1, sense surroundings
3, screaming 1, weak 1, inexperienced 1, no regeneration
0: Orb of Zot
}: 3/15 runes: barnacled, slimy, gossamer
a: Draw Out Power, Power Leap, Apocalypse, Renounce Religion, Evoke
Invisibility, Stop Flying


You escaped.
You worshipped Ru.
Ru was exalted by your worship.
You were very full.

You visited 11 branches of the dungeon, and saw 46 of its levels.
You visited 1 bazaar.
You also visited: Gauntlet, Ice Cave and Wizlab.

You collected 7828 gold pieces.
You spent 6654 gold pieces at shops.

Inventory:

Hand Weapons
 a - a +9 broad axe of electrocution (weapon)
   (You took it off Donald on level 2 of the Vaults)
 b - a +1 blowgun
   (You took it off a kobold on level 2 of the Dungeon)
Missiles
 j - 520 poisoned needles
 B - 11 throwing nets (quivered) {!f}
 E - 21 needles of frenzy
 L - 81 curare-tipped needles
Armour
 m - a +2 hat of magic resistance (worn)
   (You acquired it on level 3 of the Elven Halls)
 w - the +14 crystal plate armour "Gicet" (worn) {rPois Int+2 Dex+4}
   (You bought it in a shop on level 12 of the Dungeon)

   It affects your intelligence (+2).
   It affects your dexterity (+4).
   It protects you from poison.
 x - the +0 pair of gloves "Jodwusio" (worn) {Str+6}
   (You bought it in a shop on level 12 of the Dungeon)

   It affects your strength (+6).
 I - the +1 cloak of Starlight (worn) {rElec rC+ EV+4 Stlth--}
   (You found it in a wizard's laboratory)

   It affects your evasion (+4).
   It protects you from cold.
   It insulates you from electricity.
   It makes you much less stealthy.
 N - a +2 pair of boots of flying (worn)
   (You bought it in a shop on level 12 of the Dungeon)
 Z - a +8 large shield (worn)
   (You found it on level 5 of the Dungeon)
Jewellery
 i - the ring "Juagg" (right hand) {-Tele +Inv rF+ Str+6 SInv}
   (You bought it in a shop on level 4 of the Depths)

   [ring of see invisible]

   It affects your strength (+6).
   It protects you from fire.
   It lets you see invisible.
   It lets you turn invisible.
   It prevents most forms of teleportation.
 k - the ring "Nattukotz" {rPois MP+9 SInv Stlth+}
   (You found it on level 5 of the Pits of Slime)

   [ring of stealth]

   It protects you from poison.
   It affects your magic capacity (+9).
   It lets you see invisible.
   It makes you more stealthy.
 p - the amulet "Plog" (around neck) {Reflect rPois rC+ Str+4 SH+3}
   (You bought it in a shop on level 9 of the Dungeon)

   [amulet of reflection]

   It shields you and reflects attacks.
   It affects your strength (+4).
   It protects you from cold.
   It protects you from poison.
   It affects your SH (+3).
 R - the ring of the Will of the Gods {Fire Slay+5 Stlth-}
   (You bought it in a shop on level 9 of the Dungeon)

   [ring of fire]

   It enhances your fire magic.
   It affects your accuracy and damage with ranged weapons and melee attacks
   (+5).
   It protects you from fire.
   It makes you vulnerable to cold.
   It makes you less stealthy.
 X - a +5 ring of protection (left hand)
   (You took it off a minotaur in a Gauntlet)
Wands
 c - a wand of scattershot (9)
   (You found it on level 1 of the Spider Nest)
 f - a wand of flame (18)
   (You found it on level 1 of the Realm of Zot)
 l - a wand of clouds (19)
   (You found it on level 10 of the Dungeon)
 v - a wand of digging (16)
   (You found it in a wizard's laboratory)
 C - a wand of enslavement (9)
   (You took it off an ogre mage on level 1 of the Vaults)
 K - a wand of paralysis (38)
   (You found it on level 6 of the Dungeon)
 P - a wand of acid (33)
   (You found it on level 8 of the Dungeon)
 S - a wand of iceblast (80)
   (You bought it in a shop on level 9 of the Dungeon)
 V - a wand of disintegration (4)
   (You found it on level 4 of the Depths)
Scrolls
 g - a scroll of summoning
 o - 12 scrolls of fog
 t - 17 scrolls of teleportation
 y - 8 scrolls of fear
 z - 5 scrolls of blinking
 D - 2 scrolls of immolation
 J - 2 scrolls of silence
Potions
 d - 6 potions of might
 h - 3 potions of haste
 n - 2 potions of resistance
 q - 16 potions of curing
 r - 4 potions of invisibility
 s - 9 potions of agility
 F - 11 potions of heal wounds
 H - 8 potions of mutation
 M - 4 potions of cancellation
 O - 5 potions of ambrosia
 Q - 3 potions of magic
Miscellaneous
 u - a lamp of fire
   (You found it on level 11 of the Dungeon)
 A - a fan of gales (2/2)
   (You found it on level 10 of the Dungeon)
 U - a phial of floods
   (You found it on level 1 of the Elven Halls)
 W - a lightning rod (4/4)
   (You found it on level 6 of the Lair of Beasts)
 Y - 4 boxes of beasts
Comestibles
 e - 64 rations {!d}


   Skills:
 + Level 22.6(21.6) Fighting
 - Level 20.0(19.0) Axes
 + Level 21.2(20.2) Armour
 + Level 16.6(15.7) Dodging
 + Level 21.2(20.2) Shields
 + Level 24.4(23.4) Evocations


You had 24 spell levels left.
You didn't know any spells.
Your spell library contained the following spells:

 Spells                   Type           Power        Failure   Level  Hunger
 Apportation              Tloc           #.....       100%        1    ##.....
 Flame Tongue             Conj/Fire      #....        100%        1    ##.....
 Freeze                   Ice            #.....       100%        1    ##.....
 Infusion                 Chrm           #.......     100%        1    ##.....
 Magic Dart               Conj           #...         100%        1    ##.....
 Sandblast                Erth           #.....       100%        1    ##.....
 Slow                     Hex            #.......     100%        1    ##.....
 Summon Butterflies       Summ           #.......     100%        1    ##.....
 Blink                    Tloc           N/A          100%        2    ###....
 Call Imp                 Summ           #.....       100%        2    ###....
 Flaming Arrows           Chrm/Fire      #.......     100%        2    ###....
 Passwall                 Tmut/Erth      #.......     100%        2    ###....
 Searing Ray              Conj           #.......     100%        2    ###....
 Sublimation of Blood     Necr           #.........   100%        2    ###....
 Throw Frost              Conj/Ice       #.....       100%        2    ###....
 Beckoning                Tloc           #.........   100%        3    ####...
 Confuse                  Hex            #.......     100%        3    ####...
 Conjure Flame            Conj/Fire      #.......     100%        3    ####...
 Dazzling Spray           Conj/Hex       #.....       100%        3    ####...
 Ignite Poison            Fire/Tmut/Pois #.......     100%        3    ####...
 Inner Flame              Hex/Fire       N/A          100%        3    ####...
 Iskenderun's Mystic Bla  Conj           #.......     100%        3    ####...
 Mephitic Cloud           Conj/Pois/Air  #.......     100%        3    ####...
 Ozocubu's Armour         Chrm/Ice       #.......     100%        3    ####...
 Portal Projectile        Tloc           #.....       100%        3    ####...
 Recall                   Summ/Tloc      N/A          100%        3    ####...
 Spider Form              Tmut/Pois      #..          100%        3    ####...
 Stone Arrow              Conj/Erth      #.....       100%        3    ####...
 Tukima's Dance           Hex            #.......     100%        3    ####...
 Vampiric Draining        Necr           #.........   100%        3    ####...
 Animate Dead             Necr           N/A          100%        4    #####..
 Force Lance              Tloc           #.......     100%        4    #####..
 Fulminant Prism          Conj/Hex       #.........   100%        4    #####..
 Ice Form                 Ice/Tmut       #.......     100%        4    #####..
 Petrify                  Tmut/Erth      #.......     100%        4    #####..
 Sticky Flame             Conj/Fire      #.......     100%        4    #####..
 Summon Ice Beast         Ice/Summ       #.......     100%        4    #####..
 Throw Icicle             Conj/Ice       #.......     100%        4    #####..
 Yara's Violent Unravell  Hex/Tmut       #.........   100%        4    #####..
 Aura of Abjuration       Summ           #.........   100%        5    ######.
 Bolt of Magma            Conj/Fire/Erth #.........   100%        5    ######.
 Fireball                 Conj/Fire      #.........   100%        5    ######.
 Irradiate                Conj/Tmut      #.........   100%        5    ######.
 Iskenderun's Battlesphe  Conj/Chrm      #.......     100%        5    ######.
 Lee's Rapid Deconstruct  Erth           #.........   100%        5    ######.
 Metabolic Englaciation   Hex/Ice        #.........   100%        5    ######.
 Piercing Shot            Chrm           #.........   100%        5    ######.
 Silence                  Hex/Air        #.........   100%        5    ######.
 Summon Demon             Summ           #.........   100%        5    ######.
 Summon Forest            Summ/Tloc      #.........   100%        5    ######.
 Summon Mana Viper        Hex/Summ       #.......     100%        5    ######.
 Bolt of Cold             Conj/Ice       #.........   100%        6    #######
 Bolt of Fire             Conj/Fire      #.........   100%        6    #######
 Borgnjor's Vile Clutch   Necr/Erth      #.........   100%        6    #######
 Death Channel            Chrm/Necr      #.........   100%        6    #######
 Deflect Missiles         Chrm/Air       #.........   100%        6    #######
 Dispersal                Tloc           #.........   100%        6    #######
 Freezing Cloud           Ice/Air        #.........   100%        6    #######
 Infestation              Hex/Tmut/Pois  #........    100%        6    #######
 Invisibility             Hex            #.......     100%        6    #######
 Iron Shot                Conj/Erth      #.........   100%        6    #######
 Ozocubu's Refrigeration  Ice            #.........   100%        6    #######
 Shadow Creatures         Summ           N/A          100%        6    #######
 Simulacrum               Ice/Necr       #.........   100%        6    #######
 Statue Form              Tmut/Erth      #........    100%        6    #######
 Steam Barrier            Chrm/Fire      #.........   100%        6    #######
 Haunt                    Necr/Summ      #.........   100%        7    #######
 Malign Gateway           Summ/Tloc      #.........   100%        7    #######
 Mana Rupture             Conj/Hex       #.........   100%        7    #######
 Monstrous Menagerie      Summ           #.........   100%        7    #######
 Summon Greater Demon     Summ           #.........   100%        7    #######
 Controlled Blink         Tloc           N/A          100%        8    #######
 Discord                  Hex            #.........   100%        8    #######
 Ignition                 Fire           #.........   100%        8    #######
 Summon Horrible Things   Summ           #.........   100%        8    #######
 Fire Storm               Conj/Fire      #.........   100%        9    #######
 Shatter                  Erth           #.........   100%        9    #######


Dungeon Overview and Level Annotations

Branches:
Dungeon (12/12)            Temple (1/1) D:4            Lair (6/6) D:7
 Shoals (3/3) Lair:2       Spider (3/3) Lair:2        Slime (5/5) Lair:5
    Orc (1/1) D:8             Elf (3/3) Orc          Vaults (2/3) D:12
  Crypt (0/2) Vaults:2     Depths (5/5) D:12            Zot (5/5) Depths:5

Altars:
Ashenzari
Cheibriados
Dithmenos
Elyvilon
Fedhas
Gozag
Hepliaklqana
Kikubaaqudgha
Lugonu
Makhleb
Nemelex Xobeh
Okawaru
Qazlal
Ru
Sif Muna
Trog
Uskayaw
Vehumet
Wu Jian
Xom
Yredelemnul
Zin
The Shining One
Jiyva

Shops:
D:9 !!*=   D:10 *([   D:12 :[*?   Orc (*:(!   Elf:3 }   Shoals:3 *=
Vaults:2 (=   Depths:1 [   Depths:3 (   Depths:4 =:*![

Portals:
Hell: Depths:1 Depths:2 Depths:3 Depths:4 Depths:5
Abyss: Depths:3 Depths:4
Pandemonium: Depths:1 Depths:3 Depths:4
Ziggurat: Depths:2

Annotations:
D:4 3 runed translucent doors, jojo4K's ghost, amateur SDBe


Innate Abilities, Weirdness & Mutations

You are resistant to damage.
You are frail. (-10% HP)
You resist negative energy. (rN+)
You passively map a large area around you.
You are somewhat inexperienced. (-2 XL)
You do not regenerate.
You have large cloven feet.
You are partially covered in icy blue scales. (AC +2)
You are partially covered in rugged brown scales. (AC +1, +3% HP)
You have a somewhat thin skeletal structure. (Dex +2, Stealth)
You occasionally shout uncontrollably at your foes.
You are weak. (Str -2)


Message History

There is a stone staircase leading up here.
You fly upwards.
A hellion comes into view.
There is a stone staircase leading down here.
You fade into invisibility!
You are very lightly contaminated with residual magic.
You feel quite a bit less full.
The hellion gestures at something.
The sphere of hellfire explodes!
The hellfire engulfs you!!
The hellion gestures at something.
The sphere of hellfire explodes!
You block the hellion's attack.
You slash the hellion!
The hellion is heavily wounded.
The hellion is stunned by your will and fails to attack.
You closely miss the hellion.
The hellion is heavily wounded.
You block the hellion's attack.
You catch the helpless hellion completely off-guard!
You slash the hellion!
The hellion is severely wounded.
The hellion gestures at you.
The sphere of hellfire explodes!
The hellfire engulfs you!
The hellfire engulfs the hellion.
The hellion completely resists.
You catch the helpless hellion completely off-guard!
You slash the hellion! Lightning courses through the hellion!
You kill the hellion!
You are restored by drawing out deep reserves of power within.
You feel drained.
(D) Dungeon (T) Temple (L) Lair (A) Shoals (N) Spider Nest (M) Slime Pits (O) Orcish Mines (E) Elven Halls (V) Vaults (C) Crypt (U) Depths (H) Hell (Z) Zot
Where to? (Enter - D:1 @ (x,y), ? - help)
A red devil comes into view. It is wielding a -3 trident.
A red devil is nearby!
There is a stone staircase leading up here.
You fly upwards.
There is a stone staircase leading down here.
(D) Dungeon (T) Temple (L) Lair (A) Shoals (N) Spider Nest (M) Slime Pits (O) Orcish Mines (E) Elven Halls (V) Vaults (C) Crypt (U) Depths (H) Hell (Z) Zot
Where to? (Enter - D:1 @ (x,y), ? - help)
You feel less exhausted.
There is a stone staircase leading up here.
You fly upwards.
There is a stone staircase leading down here.
There is a stone staircase leading up, spattered with blood here.
You fly upwards.
There is a stone staircase leading down here.
There is a stone staircase leading up here.
You fly upwards.
There is a stone staircase leading down here.
You flicker for a moment.
You are lightly contaminated with residual magic.
You flicker back into view.
There is a stone staircase leading up here.
You fly upwards.
There is a stone staircase leading down here.
There is a stone staircase leading up here.
You fly upwards.
There is a stone staircase leading down here.
There is a stone staircase leading up here.
You fly upwards.
Level annotation: 3 runed translucent doors, jojo4K's ghost, amateur SDBe
There is a stone staircase leading down, spattered with blood here.
There is a stone staircase leading up here.
You fly upwards.
There is a stone staircase leading down here.
Key pressed, stopping travel.
Unknown command.
Unknown command.
No path to travel!
(D) Dungeon (T) Temple (L) Lair (A) Shoals (N) Spider Nest (M) Slime Pits (O) Orcish Mines (E) Elven Halls (V) Vaults (C) Crypt (U) Depths (H) Hell (Z) Zot
Where to? (Enter - D:1 @ (x,y), ? - help)
Your magical contamination has completely faded away.
You see here 300 sling bullets.
There is a stone staircase leading up here.
You fly upwards.
There is a stone staircase leading down here.
A smoke demon comes into view.
There is a stone staircase leading up here.
Unknown command.
You fly upwards.
There is a stone staircase leading down here.
You see here a +0 dagger.
There is a fountain of clear blue water here.
There is an open door here.
There is an open door here.
There is a staircase leading out of the dungeon here.
As you read the scroll of summoning, it crumbles to dust.
Wisps of shadow whirl around you...
Evoke which item? (* to show all) (? for menu, Esc to quit)
You open the lid... ...and a primal batweird beast flies out!
You have escaped!

........###..##.###.#####....#
........#...###.#...#...#....#
..#....##.#####.#.###.#.##...#
###...'##.####..#.....#..#+..#
##....#......#.##.######..#..#
##)..#######.#..#.##...#####.#
.....# #...#.##'#'##.#.#...#.#
.....###.#.#.##ggb##.#.#.#.#.#
.....'.#.#.#..'.@.'..#.#.#.'.#
....รท#.#.#.#.##.H.####.#.###.#
.....#...#.#.##'#'## #....##.#
.....#####...##.#..######.##.#
......#..######.##......#.#..#
......'#..#.....#..####.##'..#
...#...##.#.###.#.#####.##...#
..##....#...#...#.###...#....#
.###....#####.###.##..###....#


You could see a friendly primal batweird beast, a friendly hobgoblin, a friendly
goblin and a friendly bat.

Vanquished Creatures
  the Royal Jelly (Slime:5)
  3 juggernauts
  Mara (Vaults:2)
  Xtahua (Depths:5)
  7 ancient liches
  6 orbs of fire (Zot:5)
  A pandemonium lord (Depths:1)
  3 Killer Klowns
  4 golden dragons
  Boris (Vaults:2)
  Margery (Depths:3)
  A curse toe (Zot:4)
  7 caustic shrikes (Depths:4)
  Jory (Vaults:2)
  2 Orb Demons (Zot:1)
  A bone dragon (Depths:5)
  5 electric golems
  A Brimstone Fiend (D:12)
  An Ice Fiend (IceCv)
  10 tentacled monstrosities
  21 Orb Guardians
  2 liches (Depths:1)
  2 titans (Depths:4)
  5 quicksilver dragons
  3 deep elf blademasters
  A deep elf master archer (Elf:3)
  4 death cobs
  2 Executioners (Zot:1)
  2 tentacled starspawn (WizLab)
  A sphinx (Depths:4)
  22 acid blobs
  Kirke (D:11)
  The ghost of frimble the Victor of a Thousand Battles, an adept DsGl of Okawaru (Depths:4)
  8 shadow dragons
  3 draconian monks
  A daeva (Depths:2)
  Donald (Vaults:2)
  A tengu reaver (Depths:4)
  13 storm dragons
  9 azure jellies
  7 fire giants
  3 draconian knights
  5 frost giants
  5 ghost moths
  3 vault wardens
  An iron dragon (Depths:3)
  6 draconian scorchers
  2 deep elf sorcerers (Elf:3)
  7 emperor scorpions
  3 angels
  4 deep elf elementalists (Elf:3)
  4 spriggan defenders
  7 stone giants
  4 draconian annihilators
  2 draconian shifters
  2 ironheart preservers
  An entropy weaver (Spider:2)
  2 vampire knights
  37 very ugly things
  5 deep elf annihilators
  5 purple draconians
  A minotaur (Gauntlet)
  5 deep elf demonologists
  4 green draconians
  A lorocyproca (WizLab)
  4 white draconians
  6 red draconians
  6 black draconians
  5 spark wasps
  6 yellow draconians
  4 ettins
  8 deep elf death magi
  Snorg (Lair:4)
  5 merfolk javelineers
  A crystal guardian (Vaults:1)
  13 fire dragons
  8 merfolk impalers
  8 death oozes (Slime:5)
  7 yaktaur captains
  Josephine (Lair:5)
  4 rakshasas
  6 deep elf high priests
  Erolcha (D:10)
  14 great orbs of eyes
  Harold (Lair:6)
  5 vault guards
  8 spriggan air magi
  14 ice dragons
  10 centaur warriors
  A hell beast (Depths:5)
  5 hydras
  Erica (D:11)
  24 two-headed ogres
  5 merfolk avatars
  3 merfolk aquamancers (Shoals:3)
  An alligator snapping turtle (Shoals:3)
  13 death yaks
  6 ogre magi
  11 deep troll shamans
  A queen ant (Gauntlet)
  7 tengu warriors
  A death knight (D:8)
  4 orc high priests
  10 sea snakes
  A vampire mage (Depths:3)
  32 dancing weapons
  6 deep troll earth magi
  A spriggan berserker (Depths:4)
  Sonja (Lair:4)
  17 deep elf knights
  A soul eater (Zot:5)
  11 skeletal warriors
  4 hell knights
  15 deep trolls
  6 iron trolls
  2 sixfirhies (Depths:4)
  A swamp dragon (Lair:6)
  7 glowing orange brains
  10 deep elf archers
  5 flayed ghosts
  A gelid demonspawn (Depths:4)
  An obsidian statue (WizLab)
  An orange crystal statue (Elf:3)
  A shadow demon (Depths:4)
  5 wizards
  8 harpies
  Pikel (D:5)
  A necromancer (Depths:3)
  A wolf spider zombie (D:12)
  7 ironbrand convokers
  2 lindwurms (Lair:6)
  3 orc sorcerers (Orc)
  4 large abominations (Zot:1)
  10 orb spiders
  51 deep elf magi
  8 cyclopes
  A tengu skeleton (Vaults:2)
  18 wolf spiders
  7 orc knights
  4 fauns
  9 shining eyes
  2 sphinx skeletons (Vaults:2)
  47 ugly things
  An oklob plant (Shoals:2)
  A salamander (shapeshifter) (Elf:2)
  10 elephants (Lair:5)
  Joseph (D:8)
  12 moths of wrath
  A worldbinder (WizLab)
  9 manticores
  A guardian serpent (WizLab)
  A stone giant skeleton (Vaults:2)
  A frost giant skeleton (Vaults:2)
  3 human skeletons (Vaults:2)
  2 rust devils
  8 merfolk sirens
  An eye of devastation (Slime:4)
  6 vault sentinels
  5 black mambas
  2 ice statues
  2 smoke demons
  Maurice (D:11)
  8 water nymphs
  7 torpor snails
  7 cane toads
  2 kobold demonologists
  10 demonic crawlers
  4 rime drakes
  2 efreet
  3 centaur skeletons
  27 yaktaurs
  A hellwing (WizLab)
  A rime drake (shapeshifter) (Vaults:1)
  A hellion (D:11)
  8 komodo dragons
  2 anaconda simulacra (IceCv)
  A yaktaur skeleton (Vaults:2)
  A red devil (Depths:5)
  8 ice devils
  2 golden dragon simulacra
  3 freezing wraiths
  20 merfolk
  3 tengu conjurers
  14 jumping spiders
  3 tyrant leeches (Lair:6)
  3 meliai (Spider:2)
  A queen bee (Spider:2)
  A troll (shapeshifter) (Elf:3)
  62 slime creatures
  A jumping spider (shapeshifter) (Depths:4)
  9 hornets
  A hornet (shapeshifter) (Vaults:1)
  5 trolls
  13 snapping turtles
  10 blink frogs
  5 wind drakes (Shoals:3)
  A meliai zombie (D:11)
  9 dream sheep
  A slime creature (shapeshifter) (Depths:4)
  12 hippogriffs
  An ice dragon skeleton (WizLab)
  19 water elementals
  44 redbacks
  A deep troll skeleton (WizLab)
  2 air elementals
  4 centaur simulacra
  A dire elephant simulacrum (IceCv)
  34 yaks
  2 fire elementals
  2 spriggans (Depths:4)
  2 vampires
  5 wraiths
  A hog (D:11)
  21 tarantellas
  3 basilisks (Lair:6)
  4 hungry ghosts
  4 spatial vortices (WizLab)
  3 steam dragons
  5 chaos spawn
  5 iron troll simulacra (IceCv)
  5 harpy simulacra (IceCv)
  5 hydra simulacra (IceCv)
  An insubstantial wisp (WizLab)
  14 crocodiles
  A soldier ant (D:9)
  2 acid dragons
  An acid dragon (shapeshifter) (Depths:4)
  12 water moccasins
  22 orc warriors
  A slave (D:5)
  9 porcupines
  3 necrophages
  2 floating eyes
  A sky beast (D:8)
  4 ice beasts
  6 eyes of draining
  2 swamp drakes (Lair:6)
  A black bear (D:8)
  3 phantoms
  32 wolves
  20 ogres
  4 boggarts
  8 centaurs
  10 bullfrogs
  A big kobold (D:9)
  2 earth elementals (Elf:3)
  3 scorpions
  41 killer bees
  4 wights (D:10)
  4 electric eels
  7 crimson imps
  4 centaur zombies
  A quasit (Depths:3)
  16 orc priests
  3 draconian simulacra (IceCv)
  4 jellies
  7 hounds
  16 orc wizards
  2 bullfrog skeletons
  4 iguanas
  4 spriggan simulacra (IceCv)
  4 troll simulacra (IceCv)
  6 worker ants
  2 wolf simulacra (IceCv)
  A hound zombie (D:5)
  A hound skeleton (D:8)
  A worker ant zombie (D:6)
  4 gnolls (D:4)
  4 ogre simulacra (IceCv)
  11 adders
  2 naga simulacra (IceCv)
  3 shadow imps
  3 white imps
  5 ufetubi
  2 oozes (D:3)
  An adder zombie (D:8)
  5 adder skeletons
  3 dart slugs (D:1)
  6 leopard geckos
  86 orcs
  A ball python (D:5)
  4 bats
  A giant cockroach (shapeshifter) (D:12)
  5 giant cockroaches
  9 hobgoblins
  13 jackals
  A quokka (D:5)
  3 frilled lizards
  3 goblins (D:1)
  A jackal skeleton (D:4)
  14 kobolds
  A quokka skeleton (D:6)
  5 rats
  A bush (Lair:5)
  A fire vortex (Depths:5)
  9 fungi
  23 plants
1879 creatures vanquished.

Vanquished Creatures (collateral kills)
  A pandemonium lord (Zot:5)
  A Killer Klown (Depths:2)
  Boris (Depths:3)
  A caustic shrike (Depths:2)
  An Orb Demon (Zot:5)
  6 Orb Guardians (Zot:5)
  A titan (Depths:2)
  A lich (Depths:4)
  A quicksilver dragon (Depths:2)
  A shadow dragon (Depths:2)
  2 draconian knights (Zot:5)
  A fire giant (Depths:2)
  A frost giant (Depths:2)
  3 stone giants
  A hell beast (Zot:5)
  A deep troll earth mage (Depths:2)
  A deep troll shaman (Depths:2)
  3 deep trolls (Depths:2)
  An iron troll (Depths:2)
  4 ugly things (Depths:2)
  2 moths of wrath (Zot:5)
  A hippogriff (shapeshifter) (Depths:2)
36 creatures vanquished.

Vanquished Creatures (others)
  An ancient lich (Zot:5)
  A golden dragon (Zot:2)
  A Killer Klown (Zot:5)
  A caustic shrike (Depths:4)
  A Hell Sentinel (Zot:5)
  A deep elf master archer (Elf:3)
  An eldritch tentacle (WizLab)
  A tengu reaver (Depths:2)
  A draconian knight (Zot:3)
  A frost giant (Depths:5)
  A juggernaut zombie (Depths:5)
  3 stone giants
  2 very ugly things
  A deep elf demonologist (Elf:3)
  A black draconian (Zot:1)
  An entropy weaver (Vaults:2)
  A yellow draconian (Depths:5)
  A spark wasp (Depths:2)
  An ettin (Depths:4)
  A yaktaur captain (Depths:3)
  A deep elf high priest (Depths:3)
  3 centaur warriors
  A dancing weapon (Elf:2)
  2 satyrs (Shoals:3)
  2 thrashing horrors (WizLab)
  A deep troll (Depths:2)
  A deep elf knight (Elf:1)
  2 iron trolls (Depths:2)
  A flayed ghost (Depths:4)
  A wizard (Depths:2)
  A harpy (Shoals:1)
  A deep elf archer (Elf:1)
  2 cyclopes
  2 manticores
  2 deep elf magi
  A moth of wrath (Spider:2)
  A komodo dragon (Lair:2)
  A tengu conjurer (Depths:4)
  12 yaktaurs
  A troll (D:10)
  2 merfolk
  A hornet (Depths:4)
  A snapping turtle (Shoals:3)
  5 slime creatures
  An air elemental (Elf:3)
  A yak (Lair:6)
  2 redbacks (Spider:3)
  4 humans (D:11)
  An ogre (Depths:2)
  A boggart (Vaults:2)
  4 centaurs
  A bullfrog skeleton (D:5)
  An orc priest (Orc)
  3 orc wizards
  A worker ant (D:10)
  2 orcs
  A fire vortex (Depths:5)
  15 fungi
  47 plants
  4 starspawn tentacles (WizLab)
160 creatures vanquished.

Grand Total: 2075 creatures vanquished

Notes
Turn   | Place    | Note
-------+----------+-------------------------------------------
     0 | D:1      | Artagas the Deep Dwarf Fighter began the quest for the Orb.
     0 | D:1      | Reached XP level 1. HP: 21/21 MP: 1/1
   461 | D:1      | Reached skill level 3 in Axes
   461 | D:1      | Reached XP level 2. HP: 22/28 MP: 2/2
   778 | D:1      | Reached ** piety under Elyvilon
   907 | D:1      | Reached XP level 3. HP: 27/34 MP: 3/3
   946 | D:1      | Reached skill level 4 in Axes
  1293 | D:2      | Found a sparkling altar of Nemelex Xobeh.
  1295 | D:2      | Found a hide-covered altar of Uskayaw.
  1340 | D:2      | Found an iron altar of Okawaru.
  1343 | D:2      | Found a burning altar of Makhleb.
  1346 | D:2      | Found a hazy altar of Hepliaklqana.
  1492 | D:2      | Reached XP level 4. HP: 32/42 MP: 4/4
  1699 | D:3      | Reached skill level 5 in Axes
  1836 | D:3      | Reached *** piety under Elyvilon
  1882 | D:3      | HP: 5/42 [orc priest/nerve-wracking pain (6)]
  1885 | D:3      | Reached XP level 5. HP: 23/49 MP: 2/5
  2045 | D:3      | Got a vibrating lapis lazuli ring
  2090 | D:3      | Reached skill level 6 in Axes
  2415 | D:3      | Reached XP level 6. HP: 34/56 MP: 6/6
  2718 | D:3      | Identified the ring "Icsepetu" {Str+2 Stlth-} (You found it
                  | on level 3 of the Dungeon)
  2813 | D:4      | Found a runed translucent gate.
  2814 | D:4      | Found a runed translucent gate.
  2814 | D:4      | Found an opulent altar of Gozag.
  2815 | D:4      | Found a runed translucent gate.
  3262 | D:4      | Noticed jojo4K's ghost (amateur SDBe)
  3337 | D:4      | Found a staircase to the Ecumenical Temple.
  3346 | Temple   | Entered the Ecumenical Temple
  3496 | Temple   | Fell from the grace of Elyvilon
  3496 | Temple   | Became a worshipper of Ru the Awakened
  3587 | D:4      | Reached skill level 4 in Armour
  3925 | D:4      | Reached skill level 4 in Shields
  4066 | D:5      | Entered Level 5 of the Dungeon
  4174 | D:5      | Noticed an ice beast
  4187 | D:5      | Killed an ice beast
  4187 | D:5      | Reached skill level 4 in Fighting
  4187 | D:5      | Reached XP level 7. HP: 57/64 MP: 7/7
  4368 | D:5      | Reached skill level 7 in Axes
  4388 | D:5      | Noticed Pikel
  4402 | D:5      | Killed Pikel
  4402 | D:5      | Reached skill level 5 in Fighting
  4402 | D:5      | Reached skill level 5 in Armour
  4402 | D:5      | Reached skill level 5 in Shields
  4402 | D:5      | Reached XP level 8. HP: 53/74 MP: 8/8
  4436 | D:5      | Reached skill level 8 in Axes
  4591 | D:5      | Found a shadowy altar of Dithmenos.
  5034 | D:6      | Reached skill level 6 in Armour
  5034 | D:6      | Reached skill level 6 in Shields
  5231 | D:6      | Gained mutation: You are frail. (-10% HP) [Ru sacrifice]
  5231 | D:6      | Reached **** piety under Ru
  5231 | D:6      | Reached ***** piety under Ru
  5392 | D:6      | Reached skill level 6 in Fighting
  5392 | D:6      | Gained mutation: You passively map the area around you.
                  | [Deep Dwarf growth]
  5392 | D:6      | Reached XP level 9. HP: 45/72 MP: 9/9
  5582 | D:5      | Reached skill level 9 in Axes
  5724 | D:6      | Reached skill level 7 in Shields
  6001 | D:7      | Found a glowing silver altar of Zin.
  6367 | D:7      | Reached skill level 7 in Fighting
  6449 | D:7      | Reached skill level 8 in Shields
  6509 | D:7      | Reached skill level 10 in Axes
  6557 | D:7      | Found a staircase to the Lair.
  6871 | D:8      | Gained mutation: You are somewhat inexperienced. (-2 XL)
                  | [Ru sacrifice]
  6871 | D:8      | Reached XP level 8. HP: 60/71 MP: 8/8
  6871 | D:8      | Reached XP level 7. HP: 60/63 MP: 7/7
  6871 | D:8      | Reached ****** piety under Ru
  7001 | D:8      | Reached XP level 8. HP: 63/71 MP: 8/8
  7019 | D:8      | Noticed a cyclops
  7027 | D:8      | Killed a cyclops
  7027 | D:8      | Reached skill level 9 in Shields
  7027 | D:8      | Reached skill level 2 in Evocations
  7059 | D:8      | Reached skill level 3 in Evocations
  7206 | D:8      | Noticed a two-headed ogre
  7246 | D:8      | Killed a two-headed ogre
  7246 | D:8      | Reached skill level 6 in Evocations
  7246 | D:8      | Reached XP level 9. HP: 68/76 MP: 10/13
  7419 | D:8      | Noticed Joseph
  7447 | D:8      | Killed Joseph
  7447 | D:8      | Reached skill level 7 in Evocations
  7472 | D:8      | Reached skill level 8 in Evocations
  7670 | D:8      | Reached XP level 10. HP: 64/83 MP: 16/16
  7863 | D:8      | Found a staircase to the Orcish Mines.
  7986 | Lair:1   | Entered Level 1 of the Lair of Beasts
  8012 | Lair:1   | Noticed a black mamba
  8023 | Lair:1   | Killed a black mamba
  8023 | Lair:1   | Reached skill level 7 in Armour
  8035 | Lair:1   | Reached skill level 10 in Shields
  8041 | Lair:1   | Noticed a six-headed hydra
  8057 | Lair:1   | Reached skill level 8 in Fighting
  8060 | Lair:1   | Killed a six-headed hydra
  8060 | Lair:1   | Reached skill level 11 in Axes
  8126 | Lair:1   | Noticed a black mamba
  8134 | Lair:1   | Killed a black mamba
  8149 | Lair:1   | Noticed an eight-headed hydra
  8162 | Lair:1   | Killed an eight-headed hydra
  8334 | Lair:1   | Reached skill level 9 in Fighting
  8334 | Lair:1   | Reached XP level 11. HP: 72/94 MP: 17/17
  8827 | Lair:2   | Reached skill level 12 in Axes
  8862 | Lair:2   | Found a hole to the Spider Nest.
  8863 | Lair:2   | Noticed a death yak
  8863 | Lair:2   | Noticed a death yak
  8863 | Lair:2   | Noticed a death yak
  8878 | Lair:2   | Killed a death yak
  8881 | Lair:2   | Killed a death yak
  8885 | Lair:2   | Noticed a death yak
  8888 | Lair:2   | Killed a death yak
  9063 | Lair:2   | Killed a death yak
  9063 | Lair:2   | Reached skill level 8 in Armour
  9106 | Lair:2   | Found a gate leading to a gauntlet.
  9119 | Gauntlet | Entered a Gauntlet
  9119 | Gauntlet | Found a transporter.
  9119 | Gauntlet | Found a transporter.
  9135 | Gauntlet | Found a transporter.
  9139 | Gauntlet | Found a transporter.
  9149 | Gauntlet | Found a transporter.
  9153 | Gauntlet | Found a transporter.
  9163 | Gauntlet | Found a transporter.
  9184 | Gauntlet | Found a transporter.
  9201 | Gauntlet | Found a transporter.
  9205 | Gauntlet | Found a transporter.
  9206 | Gauntlet | Noticed a queen ant
  9215 | Gauntlet | Found a transporter.
  9219 | Gauntlet | Found a transporter.
  9312 | Gauntlet | Got an ancient plate armour
  9332 | Gauntlet | Identified the +2 plate armour of Amorality {Dex+8} (You
                  | found it in a Gauntlet)
  9351 | Gauntlet | Killed a queen ant
  9390 | Gauntlet | Got a faintly glowing jade amulet
  9404 | Gauntlet | Identified the +5 hand crossbow "Puiloef" {freeze, rPois
                  | rN+++ Dex-5 SInv}
  9404 | Gauntlet | Noticed a minotaur
  9421 | Gauntlet | Killed a minotaur
  9424 | Gauntlet | Identified the amulet "Uffainn" {Spirit rC+ Stlth+} (You
                  | found it in a Gauntlet)
  9712 | Lair:2   | Reached skill level 11 in Shields
  9725 | Lair:2   | Reached skill level 10 in Fighting
  9809 | Lair:2   | Got a heavily runed copper ring
 10122 | Lair:2   | Reached XP level 12. HP: 56/103 MP: 12/18
 10181 | Lair:2   | Found a staircase to the Shoals.
 10422 | Lair:3   | Reached skill level 13 in Axes
 11194 | Lair:4   | Noticed Snorg
 11213 | Lair:4   | Killed Snorg
 11226 | Lair:4   | Noticed Sonja
 11239 | Lair:4   | Killed Sonja
 11317 | Lair:4   | Noticed a four-headed hydra
 11326 | Lair:4   | Killed a four-headed hydra
 11696 | Lair:4   | Identified the ring of Qiamousi {rElec Str+2} (You found it
                  | on level 2 of the Lair of Beasts)
 11739 | Lair:4   | Reached skill level 11 in Fighting
 11739 | Lair:4   | Reached skill level 12 in Shields
 12045 | Lair:5   | Noticed Josephine
 12049 | Lair:5   | Reached skill level 14 in Axes
 12077 | Lair:5   | Killed Josephine
 12200 | Lair:5   | Reached XP level 13. HP: 83/113 MP: 19/19
 12769 | Lair:5   | Reached skill level 9 in Armour
 12822 | Lair:5   | Found a staircase to the Slime Pits.
 12822 | Lair:5   | Found a viscous altar of Jiyva.
 13118 | Lair:6   | Entered Level 6 of the Lair of Beasts
 13528 | Lair:6   | Reached skill level 13 in Shields
 13560 | Lair:5   | Reached skill level 12 in Fighting
 13578 | Lair:5   | Reached skill level 15 in Axes
 13585 | Lair:6   | Noticed Harold
 13593 | Lair:6   | Reached skill level 10 in Armour
 13597 | Lair:6   | Killed Harold
 13938 | Lair:6   | Found a runed door.
 14378 | Lair:6   | Gained mutation: You resist negative energy. (rN+) [Deep
                  | Dwarf growth]
 14378 | Lair:6   | Reached XP level 14. HP: 112/124 MP: 20/20
 15229 | D:9      | Reached skill level 13 in Fighting
 15264 | D:9      | Found Empeon's Jewellery Emporium.
 15369 | D:9      | Bought the amulet "Plog" {Reflect rPois rC+ Str+4 SH+3} for
                  | 645 gold pieces
 15426 | D:9      | Found a stormy altar of Qazlal.
 15483 | D:9      | Found Deyqiu's Distillery.
 15499 | D:9      | Reached skill level 16 in Axes
 15506 | D:9      | Bought a potion of haste for 120 gold pieces
 15506 | D:9      | Bought a potion of heal wounds for 60 gold pieces
 15506 | D:9      | Bought a potion of curing for 36 gold pieces
 15506 | D:9      | Bought a potion of heal wounds for 60 gold pieces
 15506 | D:9      | Bought a potion of curing for 36 gold pieces
 15506 | D:9      | Bought a potion of flight for 36 gold pieces
 15506 | D:9      | Bought a potion of curing for 36 gold pieces
 15506 | D:9      | Bought a potion of might for 48 gold pieces
 15506 | D:9      | Bought a potion of agility for 48 gold pieces
 15560 | D:9      | Found Pobimaph's Assorted Antiques.
 15568 | D:9      | Bought a glass wand for 88 gold pieces
 15758 | D:9      | Found Naomufur's Distillery.
 15763 | D:9      | Bought a potion of curing for 48 gold pieces
 15763 | D:9      | Bought a potion of might for 64 gold pieces
 15763 | D:9      | Bought a potion of ambrosia for 128 gold pieces
 15778 | D:10     | Entered Level 10 of the Dungeon
 16068 | D:10     | Got a twisted ring mail
 16087 | D:10     | Found Ocheiket's Armour Boutique.
 16151 | D:10     | Found Wuinyng's Antique Weapon Emporium.
 16164 | D:10     | Noticed Erolcha
 16192 | D:10     | Killed Erolcha
 16458 | D:10     | Found Acraha's Assorted Antiques.
 16461 | D:10     | Bought a lumpy brown potion for 26 gold pieces
 16884 | D:11     | Reached skill level 9 in Evocations
 16895 | D:11     | Noticed Kirke
 16912 | D:11     | Killed Kirke
 16913 | D:11     | Noticed Erica
 16929 | D:11     | Killed Erica
 17047 | D:11     | Noticed Maurice
 17056 | D:11     | Killed Maurice
 17453 | Orc      | Entered the Orcish Mines
 17710 | Orc      | Found Ocruminu's Weapon Emporium.
 17734 | Orc      | Found a staircase to the Elven Halls.
 18203 | Orc      | Reached skill level 11 in Armour
 18277 | Orc      | Found Neit's Distillery.
 18277 | Orc      | Found Muijur's General Store.
 18282 | Orc      | Found Vazasysm's Weapon Emporium.
 18282 | Orc      | Found Giower's Book Boutique.
 18661 | D:12     | Entered Level 12 of the Dungeon
 18676 | D:12     | Found Tuobudou's Magic Scroll Boutique.
 18688 | D:12     | Reached XP level 15. HP: 70/132 MP: 22/22
 18709 | D:12     | Bought a scroll of fear for 35 gold pieces
 18709 | D:12     | Bought a scroll of teleportation for 30 gold pieces
 18709 | D:12     | Bought a scroll of identify for 20 gold pieces
 18709 | D:12     | Bought a scroll of identify for 20 gold pieces
 18713 | D:12     | Bought a scroll of identify for 20 gold pieces
 18713 | D:12     | Bought a scroll of identify for 20 gold pieces
 18808 | D:12     | Found a gate to the Vaults.
 18809 | D:12     | Reached skill level 10 in Evocations
 18865 | D:12     | Reached skill level 14 in Shields
 19113 | D:12     | Reached skill level 14 in Fighting
 19133 | D:12     | Found a staircase to the Depths.
 19239 | D:12     | Found Unoukigg's Armour Shoppe.
 19360 | D:12     | Found Pibex's General Store.
 19369 | D:12     | Bought a scroll of blinking for 97 gold pieces
 19401 | D:12     | Reached skill level 17 in Axes
 19494 | D:12     | Found Puf Teag's Book Shop.
 19591 | D:12     | Got a shimmering glass ring
 20184 | Lair:6   | Reached skill level 12 in Armour
 20496 | Lair:6   | Identified the ring of Nirago {+Fly Dex+2} (You found it on
                  | level 12 of the Dungeon)
 20582 | Lair:6   | Got a flickering steel ring
 20583 | Lair:6   | Identified the cursed ring "Irhegh" {Fire Int-5 Slay+3
                  | Stlth+} (You found it on level 6 of the Lair of Beasts)
 20733 | Lair:6   | Upgraded the game from bcrawl-1.23.4 to
                  | bcrawl-1.23.4-4-gb897bc9fbb
 20820 | Spider:1 | Entered Level 1 of the Spider Nest
 20965 | Spider:1 | Reached skill level 18 in Axes
 21320 | Spider:2 | Noticed a ghost moth
 21333 | Spider:1 | Killed a ghost moth
 21649 | Spider:2 | Reached XP level 16. HP: 107/143 MP: 23/23
 22287 | Spider:3 | Entered Level 3 of the Spider Nest
 22707 | Spider:3 | Reached skill level 15 in Fighting
 23946 | Spider:3 | Reached skill level 19 in Axes
 24403 | Spider:3 | Identified a lightning rod (4/4) (You found it on level 6
                  | of the Lair of Beasts)
 24403 | Spider:3 | Got a gossamer rune of Zot
 24590 | Elf:1    | Entered Level 1 of the Elven Halls
 24613 | Elf:1    | Reached skill level 16 in Fighting
 24687 | Elf:1    | Found a frozen archway.
 24695 | IceCv    | Entered an ice cave
 25315 | IceCv    | Reached skill level 1 in Dodging
 25731 | IceCv    | Noticed an Ice Fiend
 25752 | IceCv    | Killed an Ice Fiend
 25754 | IceCv    | Reached skill level 2 in Dodging
 25895 | IceCv    | Identified the +3 longbow "Piteran" {freeze, rElec}
 25965 | IceCv    | Identified a scroll of acquirement
 25966 | IceCv    | Identified the +4 broad axe "Otij" {flame, rElec rC- MP-9
                  | Str+6} (You acquired it in an ice cave)
 25966 | IceCv    | Identified the +0 helmet of Distant Shores {rElec rC+} (You
                  | acquired it in an ice cave)
 25966 | IceCv    | Identified the amulet of Oenomania {RegenMP Str+2} (You
                  | acquired it in an ice cave)
 26485 | Elf:1    | Reached skill level 3 in Dodging
 26583 | Elf:1    | Reached XP level 17. HP: 120/153 MP: 16/25
 26728 | Elf:1    | Found a runed translucent gate.
 26728 | Elf:1    | Found a runed translucent gate.
 26728 | Elf:1    | Found a runed translucent gate.
 26728 | Elf:1    | Found a runed translucent gate.
 26728 | Elf:1    | Found a runed translucent gate.
 26730 | Elf:1    | Found a runed translucent gate.
 26755 | Elf:1    | Reached skill level 11 in Evocations
 26866 | Elf:1    | Reached skill level 4 in Dodging
 27498 | D:12     | Bought the +14 crystal plate armour "Gicet" {rPois Int+2
                  | Dex+4} for 1598 gold pieces
 27530 | D:12     | Bought a +0 pair of boots of flying for 149 gold pieces
 27670 | Shoals:1 | Entered Level 1 of the Shoals
 28648 | Shoals:2 | Reached skill level 5 in Dodging
 28653 | Shoals:2 | Found a shadowy altar of Dithmenos.
 29216 | Shoals:3 | Entered Level 3 of the Shoals
 29216 | Shoals:3 | Found Udikleh's Jewellery Shoppe.
 29223 | Shoals:3 | Reached skill level 13 in Armour
 29324 | Shoals:3 | Reached skill level 12 in Evocations
 29327 | Shoals:3 | Identified the amulet "Wirunlil" {rElec rF+ Regen+}
 29377 | Shoals:3 | Reached skill level 15 in Shields
 29402 | Shoals:3 | Reached skill level 6 in Dodging
 29619 | Shoals:3 | Identified the +8 dagger "Nualoewo" {venom, Int-3 Dex+5}
 29830 | Shoals:3 | Found Plog's General Store.
 30270 | Shoals:3 | Gained mutation: You passively map a large area around you.
                  | [Deep Dwarf growth]
 30270 | Shoals:3 | Reached XP level 18. HP: 152/163 MP: 18/27
 30274 | Shoals:3 | Reached skill level 7 in Dodging
 30279 | Shoals:3 | Got a barnacled rune of Zot
 30575 | Vaults:1 | Entered Level 1 of the Vaults
 30592 | Vaults:1 | Reached skill level 17 in Fighting
 30788 | Vaults:1 | Reached skill level 13 in Evocations
 30922 | Vaults:1 | Reached skill level 14 in Armour
 31163 | Vaults:1 | Identified the ring of Alaodd {Fire rElec}
 31174 | Vaults:1 | Reached skill level 8 in Dodging
 31746 | Vaults:2 | Noticed Jory
 31758 | Vaults:2 | Killed Jory
 31758 | Vaults:2 | Reached skill level 16 in Shields
 31801 | Vaults:2 | Found a flickering gateway to a bazaar.
 31805 | Vaults:2 | Noticed Boris
 31822 | Vaults:2 | Killed Boris
 31822 | Vaults:2 | Reached skill level 9 in Dodging
 31822 | Vaults:2 | Reached skill level 14 in Evocations
 31842 | Bazaar   | Entered a bazaar
 31856 | Bazaar   | Found Keojeirgh's Gadget Shoppe.
 31856 | Bazaar   | Found Ajeg Mei's Book Emporium.
 31877 | Bazaar   | Found Xasan's Gadget Shoppe.
 31890 | Bazaar   | Found Duxzeol's Armour Shoppe.
 32103 | Vaults:2 | Found Pebb's Weapon Boutique.
 32197 | Vaults:2 | Reached XP level 19. HP: 172/172 MP: 20/29
 32238 | Vaults:2 | Found a staircase to the Crypt.
 32378 | Vaults:2 | Found Jomalet's Weapon Emporium.
 32385 | Vaults:2 | Noticed Donald
 32405 | Vaults:2 | Killed Donald
 32434 | Vaults:2 | Found Lakuck's Jewellery Shoppe.
 32639 | Vaults:2 | Noticed Mara
 32641 | Vaults:2 | Noticed Artagas's illusion
 32646 | Vaults:2 | Killed Mara
 32646 | Vaults:2 | Reached skill level 10 in Dodging
 32935 | Vaults:2 | Reached skill level 15 in Armour
 33844 | D:12     | Bought a +2 helmet for 181 gold pieces
 33844 | D:12     | Bought the cursed +0 pair of gloves "Jodwusio" {Str+6} for
                  | 232 gold pieces
 34321 | Elf:2    | Reached skill level 15 in Evocations
 34643 | Elf:2    | Reached skill level 18 in Fighting
 34828 | Elf:2    | Found a runed gate.
 34828 | Elf:2    | Found a runed gate.
 34834 | Elf:2    | Found a runed gate.
 35489 | Elf:2    | Reached skill level 17 in Shields
 35786 | Elf:3    | Entered Level 3 of the Elven Halls
 35798 | Elf:3    | Found Bynarale's Gadget Shop.
 36315 | Elf:3    | Identified the ring of the Townfolk {rF+ rC+ rCorr Slay-4}
                  | (You acquired it on level 3 of the Elven Halls)
 36666 | Elf:3    | Reached XP level 20. HP: 148/183 MP: 31/31
 36700 | Elf:3    | Reached skill level 16 in Evocations
 36823 | Elf:3    | Identified the cursed +0 robe of Distant Shores {Int+3
                  | SInv}
 36835 | Elf:3    | Identified the +7 battleaxe of Cataclysm {freeze, +Fly
                  | Int+4}
 36843 | Elf:3    | Reached skill level 16 in Armour
 37455 | Elf:3    | Identified the +8 scimitar of Fury {drain, +Inv rC+ rN+}
 37457 | Elf:3    | Found the +7 Singing Sword {slice}
 37640 | Elf:3    | Identified the +2 scale mail of the Vestibule of Hell {rF+
                  | Int+4 Dex-4}
 37873 | Depths:1 | Entered Level 1 of the Depths
 37994 | Depths:1 | Found Fuiwk's Armour Shop.
 38072 | Depths:1 | Noticed a golden dragon
 38093 | Depths:1 | Killed a golden dragon
 38251 | Depths:1 | Found a magical portal.
 38257 | WizLab   | Entered The Roulette of Golubria
 38257 | WizLab   | Found a transporter.
 38263 | WizLab   | Found a corrupted altar of Lugonu.
 38281 | WizLab   | Found the +1 cloak of Starlight {rElec rC+ EV+4 Stlth--}
 38313 | WizLab   | Found a transporter.
 38332 | WizLab   | Found a transporter.
 38371 | WizLab   | Found a transporter.
 38382 | WizLab   | Found a transporter.
 38397 | WizLab   | Found a transporter.
 38416 | WizLab   | Found a transporter.
 38420 | WizLab   | Found a transporter.
 38451 | WizLab   | Found a corrupted altar of Lugonu.
 38510 | WizLab   | Found a transporter.
 38510 | WizLab   | Found a transporter.
 38534 | WizLab   | Found a transporter.
 38585 | WizLab   | Found a transporter.
 38586 | WizLab   | Found a corrupted altar of Lugonu.
 38627 | WizLab   | Found a transporter.
 38675 | WizLab   | Found a transporter.
 38815 | WizLab   | Identified the ring of Marisi {+Fly Slay+2}
 38844 | WizLab   | Found a transporter.
 38874 | WizLab   | Found a transporter.
 38874 | WizLab   | Found a transporter.
 38934 | WizLab   | Found a transporter.
 38962 | WizLab   | Identified the cursed +0 cloak of Miracles {rPois rF+
                  | Dex-3}
 38973 | WizLab   | Identified the +2 cloak "Neegudui" {rElec rC++ rCorr Dex-2}
 39180 | Depths:1 | Reached skill level 17 in Evocations
 39202 | Depths:1 | Found a one-way gate leading to the halls of Pandemonium.
 39421 | Depths:1 | Identified the +2 hand axe "Spiderslayer" {vamp, -Tele
                  | *Slow rN+ MR+++ Str+4}
 39682 | Depths:1 | Reached skill level 18 in Shields
 39769 | Depths:1 | Found a gateway to Hell.
 40305 | Slime:1  | Entered Level 1 of the Pits of Slime
 40472 | Slime:3  | Reached skill level 19 in Fighting
 40643 | Slime:4  | Reached skill level 17 in Armour
 40672 | Slime:4  | Reached XP level 21. HP: 143/193 MP: 12/33
 40771 | Slime:5  | Entered Level 5 of the Pits of Slime
 40935 | Slime:5  | Found a viscous altar of Jiyva.
 40938 | Slime:5  | Noticed the Royal Jelly
 41017 | Slime:5  | Killed the Royal Jelly
 41186 | Slime:5  | Identified the amulet of Icrithof {Faith rPois Str+2 Dex-4}
 41187 | Slime:5  | Found the +7 lajatang of Order {silver, rMut}
 41197 | Slime:5  | Identified the +6 chain mail of Puet {rElec MR+ Str+4}
 41226 | Slime:5  | Identified the +5 acid dragon scales of the Foremost
                  | Blessings {*Corrode rElec rCorr Int+4 Dex+4}
 41230 | Slime:5  | Identified the +4 dagger "Hubuhenikh" {holy, *Rage rElec
                  | rN+ SInv}
 41254 | Slime:5  | Reached skill level 18 in Armour
 41254 | Slime:5  | Reached skill level 18 in Evocations
 41326 | Slime:5  | Got a slimy rune of Zot
 41339 | Slime:5  | Identified the ring "Jubesace" {rCorr Dex+3 Stlth+}
 41390 | Slime:5  | Identified the ring "Nattukotz" {rPois MP+9 SInv Stlth+}
 41401 | Slime:5  | Identified Decsiv's Guide on the Venomous Blaze
 41403 | Slime:5  | Identified the +6 hand axe "Zufithri" {holy, -Tele rC+ rN++
                  | Stlth+}
 41689 | Depths:2 | Found a gateway to a ziggurat.
 41975 | Depths:2 | Found a runed door.
 42206 | Depths:2 | Reached skill level 19 in Evocations
 42285 | Depths:2 | Reached skill level 20 in Fighting
 42477 | Depths:2 | Noticed a Killer Klown
 42485 | Depths:2 | Noticed a juggernaut
 42498 | Depths:2 | Noticed a caustic shrike
 42504 | Depths:2 | Killed a caustic shrike
 42515 | Depths:2 | Killed a Killer Klown
 42544 | Depths:2 | Reached skill level 20 in Evocations
 42545 | Depths:2 | Killed a juggernaut
 42552 | Depths:2 | Reached XP level 22. HP: 126/204 MP: 36/36
 42692 | Depths:2 | Found the +6 Scorpio {venom, beckon}
 42697 | Depths:2 | Identified the +5 plate armour "Cunwocvo" {MR++ rCorr Str-4
                  | Slay+3}
 43066 | Depths:2 | Identified the +2 hat of the Known World {Stlth+}
 43127 | Depths:3 | Noticed Margery
 43138 | Depths:3 | Killed Margery
 43242 | Depths:3 | Identified the Reference Book on the Volcanoes and Darkness
 43306 | Depths:3 | Paralysed by a floating eye for 2 turns
 43325 | Depths:3 | Noticed Boris
 43327 | Depths:3 | Found Amukot's Weapon Shop.
 43338 | Depths:3 | Killed Boris
 43402 | Depths:3 | Found a shattered altar of Ashenzari.
 43406 | Depths:3 | Identified the +5 morningstar "Lorem Ipsum" {flame, +Rage
                  | rElec Dex-5 SInv}
 43482 | Depths:3 | Found a one-way gate to the infinite horrors of the Abyss.
 43856 | Depths:4 | Found a large runed translucent door.
 43857 | Depths:4 | Found a large runed translucent door.
 43916 | Depths:4 | Noticed a caustic shrike
 43920 | Depths:4 | Noticed a caustic shrike
 43920 | Depths:4 | Noticed a caustic shrike
 43927 | Depths:4 | Noticed a caustic shrike
 43929 | Depths:4 | Noticed a caustic shrike
 43930 | Depths:4 | Killed a caustic shrike
 43930 | Depths:4 | Reached skill level 11 in Dodging
 43935 | Depths:4 | Killed a caustic shrike
 43937 | Depths:4 | Killed a caustic shrike
 43940 | Depths:4 | Killed a caustic shrike
 43948 | Depths:4 | Killed a caustic shrike
 44004 | Depths:4 | Noticed a juggernaut
 44029 | Depths:4 | Killed a juggernaut
 44149 | Depths:4 | Noticed a caustic shrike
 44155 | Depths:4 | Killed a caustic shrike
 44155 | Depths:4 | Reached skill level 21 in Evocations
 44161 | Depths:4 | Noticed a Killer Klown
 44163 | Depths:4 | Noticed a caustic shrike
 44163 | Depths:4 | Noticed a golden dragon
 44166 | Depths:4 | Noticed a caustic shrike
 44277 | Depths:4 | Reached XP level 23. HP: 177/212 MP: 37/37
 44319 | Depths:4 | Killed a Killer Klown
 44321 | Depths:4 | Killed a caustic shrike
 44321 | Depths:4 | Reached skill level 12 in Dodging
 44358 | Depths:4 | Killed a golden dragon
 44362 | Depths:4 | Noticed an ancient lich
 44366 | Depths:4 | Reached skill level 19 in Armour
 44366 | Depths:4 | Noticed a juggernaut
 44381 | Depths:4 | Killed an ancient lich
 44381 | Depths:4 | Reached skill level 19 in Shields
 44478 | D:12     | Bought a scroll of enchant armour for 97 gold pieces
 44600 | Orc      | Bought a potion of haste for 130 gold pieces
 44600 | Orc      | Bought a potion of invisibility for 104 gold pieces
 44600 | Orc      | Bought a potion of invisibility for 104 gold pieces
 44600 | Orc      | Bought a potion of might for 52 gold pieces
 44600 | Orc      | Bought a potion of mutation for 104 gold pieces
 44600 | Orc      | Bought a potion of agility for 52 gold pieces
 44600 | Orc      | Bought a potion of berserk rage for 65 gold pieces
 44600 | Orc      | Bought a potion of curing for 39 gold pieces
 44605 | Orc      | Bought a wand of acid (7) for 242 gold pieces
 44703 | D:10     | Bought a potion of curing for 87 gold pieces
 44703 | D:10     | Bought a potion of heal wounds for 145 gold pieces
 44775 | D:9      | Bought a scroll of enchant armour for 165 gold pieces
 45161 | D:9      | Bought the cursed ring of the Will of the Gods {Fire Slay+5
                  | Stlth-} for 610 gold pieces
 45296 | Depths:4 | Killed a juggernaut
 45419 | Depths:4 | Killed a caustic shrike
 45515 | Depths:4 | Found Optighas's Book Shop.
 45516 | Depths:4 | Found Koiblaol's Distillery.
 45516 | Depths:4 | Found Raones's Jewellery Shop.
 45521 | Depths:4 | Found Kajeco's General Store.
 45527 | Depths:4 | Bought a scroll of fog for 22 gold pieces
 45530 | Depths:4 | Bought the ring "Juagg" {-Tele +Inv rF+ Str+6 SInv} for 675
                  | gold pieces
 45536 | Depths:4 | Bought a potion of heal wounds for 80 gold pieces
 45626 | Depths:4 | Found Jeenuh's Antique Armour Shoppe.
 45713 | Depths:4 | Noticed frimble's ghost (adept DsGl)
 45729 | Depths:4 | Killed frimble's ghost
 45853 | Depths:4 | Noticed a golden dragon
 45868 | Depths:4 | Killed a golden dragon
 45868 | Depths:4 | Reached skill level 21 in Fighting
 45931 | Depths:4 | Reached skill level 13 in Dodging
 46067 | Depths:4 | Reached skill level 22 in Evocations
 46218 | Depths:5 | Entered Level 5 of the Depths
 46560 | Depths:5 | Reached XP level 24. HP: 155/223 MP: 38/38
 46635 | Depths:5 | Noticed Xtahua
 46660 | Depths:5 | Killed Xtahua
 46661 | Depths:5 | Found the +6 fire dragon scales of Xtahua {rF+++ rC- MR+}
 47320 | Depths:5 | Found a gate to the Realm of Zot.
 47395 | Zot:1    | Entered Level 1 of the Realm of Zot
 47870 | Zot:1    | Reached skill level 14 in Dodging
 48076 | Zot:1    | Noticed a golden dragon
 48094 | Zot:1    | Killed a golden dragon
 48835 | Zot:3    | Noticed a Killer Klown
 48852 | Zot:3    | Killed a Killer Klown
 49092 | Zot:4    | Reached skill level 23 in Evocations
 49169 | Zot:4    | Reached skill level 20 in Axes
 49215 | Zot:5    | Entered Level 5 of the Realm of Zot
 49245 | Zot:5    | Reached skill level 20 in Shields
 49666 | Zot:5    | Reached skill level 20 in Armour
 49671 | Zot:5    | Reached XP level 25. HP: 159/232 MP: 38/38
 51147 | Zot:5    | Noticed an ancient lich
 51156 | Zot:5    | Killed an ancient lich
 51156 | Zot:5    | Noticed an orb of fire
 51164 | Zot:5    | Killed an orb of fire
 51164 | Zot:5    | Reached skill level 15 in Dodging
 51164 | Zot:5    | Noticed an orb of fire
 51171 | Zot:5    | Gained mutation: You are clumsy. (Dex -2) [an orb of fire]
 51173 | Zot:5    | Gained mutation: You occasionally shout uncontrollably at
                  | your foes. [an orb of fire]
 51178 | Zot:5    | Gained mutation: Potions are less effective at restoring
                  | your health. [an orb of fire]
 51179 | Zot:5    | Killed an orb of fire
 51179 | Zot:5    | Noticed an orb of fire
 51187 | Zot:5    | Killed an orb of fire
 51187 | Zot:5    | Noticed an ancient lich
 51193 | Zot:5    | Noticed an orb of fire
 51195 | Zot:5    | Killed an ancient lich
 51209 | Zot:5    | Killed an orb of fire
 51209 | Zot:5    | Noticed an orb of fire
 51219 | Zot:5    | Killed an orb of fire
 51219 | Zot:5    | Reached skill level 22 in Fighting
 51219 | Zot:5    | Noticed an ancient lich
 51222 | Zot:5    | Killed an ancient lich
 51245 | Zot:5    | Noticed an ancient lich
 51251 | Zot:5    | Killed an ancient lich
 51283 | Zot:5    | Noticed an ancient lich
 51287 | Zot:5    | Killed an ancient lich
 51290 | Zot:5    | Noticed an ancient lich
 51299 | Zot:5    | Killed an ancient lich
 51301 | Zot:5    | Noticed an orb of fire
 51305 | Zot:5    | Gained mutation: Your magical capacity is low. (-10% MP)
                  | [an orb of fire]
 51306 | Zot:5    | Gained mutation: You are very frail. (-20% HP) [an orb of
                  | fire]
 51313 | Zot:5    | Gained mutation: You sometimes yell uncontrollably at your
                  | foes. [an orb of fire]
 51313 | Zot:5    | Gained mutation: You are weak. (Str -2) [an orb of fire]
 51315 | Zot:5    | Killed an orb of fire
 51315 | Zot:5    | Noticed an ancient lich
 51324 | Zot:5    | Killed an ancient lich
 51487 | Zot:5    | Reached skill level 16 in Dodging
 51487 | Zot:5    | Reached skill level 24 in Evocations
 51512 | Zot:5    | Noticed a Killer Klown
 51523 | Zot:5    | Killed a Killer Klown
 51590 | Zot:5    | Reached skill level 21 in Shields
 51599 | Zot:5    | Noticed a Killer Klown
 51607 | Zot:5    | Killed a Killer Klown
 51626 | Zot:5    | Reached skill level 21 in Armour
 51951 | Zot:5    | Lost mutation: You sometimes yell uncontrollably at your
                  | foes. [potion of mutation]
 51951 | Zot:5    | Lost mutation: You are very frail. (-20% HP) [potion of
                  | mutation]
 51951 | Zot:5    | Gained mutation: You have a beak for a mouth. [potion of
                  | mutation]
 51951 | Zot:5    | Gained mutation: You are partially covered in icy blue
                  | scales. (AC +2) [potion of mutation]
 51952 | Zot:5    | Lost mutation: You have a beak for a mouth. [potion of
                  | mutation]
 51952 | Zot:5    | Lost mutation: Potions are less effective at restoring your
                  | health. [potion of mutation]
 51952 | Zot:5    | Lost mutation: Your magical capacity is low. (-10% MP)
                  | [potion of mutation]
 51952 | Zot:5    | Lost mutation: You are clumsy. (Dex -2) [potion of
                  | mutation]
 51952 | Zot:5    | Gained mutation: You have a somewhat thin skeletal
                  | structure. (Dex +2, Stealth) [potion of mutation]
 51952 | Zot:5    | Gained mutation: You are partially covered in rugged brown
                  | scales. (AC +1, +3% HP) [potion of mutation]
 51952 | Zot:5    | Gained mutation: You have large cloven feet. [potion of
                  | mutation]
 51959 | Zot:5    | Got the Orb of Zot
 51965 | Zot:5    | Noticed Ocuad the pandemonium lord
 51993 | Zot:5    | Killed Ocuad the pandemonium lord
 52132 | Zot:2    | Noticed a golden dragon
 52140 | Zot:2    | Killed a golden dragon
 52305 | Depths:1 | Noticed Zuev the pandemonium lord
 52314 | Depths:1 | Killed Zuev the pandemonium lord
 52560 | D:$      | Escaped with the Orb!

Skill      XL: |  1  2  3  4  5  6  7  8  9 10 11 12 13 14 15 16 17 18 19 20 21 22 23 24 25 |
---------------+----------------------------------------------------------------------------+-----
Axes           | 3 4 5 6 7 8 10 11 12 14 15 16 18 19 20 | 20.0
Armour         | 4 5 6 7 8 10 11 12 13 14 15 17 18 19 20 21 | 21.2
Shields        | 4 5 9 8 10 11 12 13 14 15 16 17 18 19 20 21 | 21.2
Fighting       | 4 5 6 7 9 10 11 12 13 14 16 17 18 19 20 21 22 | 22.6
Evocations     | 6 8 9 10 12 14 15 17 20 21 22 23 24 | 24.4
Dodging        | 3 6 9 10 11 13 14 16 | 16.6

Action                   |  1- 3 |  4- 6 |  7- 9 | 10-12 | 13-15 | 16-18 | 19-21 | 22-24 | 25-27 || total
-------------------------+-------+-------+-------+-------+-------+-------+-------+-------+-------++-------
Melee: War axe           |   143 |   267 |   126 |       |  1058 |   686 |       |       |       ||  2280
       Hand axe          |       |       |   326 |   483 |   572 |       |       |       |       ||  1381
       Mace              |       |       |       |    16 |     2 |       |       |       |       ||    18
       Broad axe         |       |       |       |       |       |   977 |  1197 |  1083 |   367 ||  3624
 Fire: Blowgun           |       |       |    41 |     6 |    20 |    30 |    11 |     6 |       ||   114
       Hand crossbow     |       |       |       |     5 |       |       |       |       |       ||     5
Throw: Tomahawk          |       |    21 |    49 |    24 |    10 |       |       |       |       ||   104
       Throwing net      |       |       |       |       |       |       |       |       |     5 ||     5
Invok: Lesser Healing    |     1 |    10 |       |       |       |       |       |       |       ||    11
       Draw Out Power    |       |     2 |     9 |     8 |    23 |    32 |    23 |    30 |    13 ||   140
       Sacrifice Experie |       |       |     1 |       |       |       |       |       |       ||     1
       Sacrifice Health  |       |       |     1 |       |       |       |       |       |       ||     1
       Power Leap        |       |       |     2 |     7 |    25 |     7 |       |     1 |       ||    42
       Apocalypse        |       |       |       |     8 |     9 |     5 |    10 |    11 |     1 ||    44
 Abil: Evoke Invisibilit |       |       |       |       |       |       |       |    10 |     5 ||    15
Evoke: Wand              |       |       |       |    12 |    19 |       |     5 |     8 |     5 ||    49
       Lightning rod     |       |       |       |       |    13 |     9 |    15 |    13 |       ||    50
       Lamp of fire      |       |       |       |       |     1 |     2 |     4 |     2 |       ||     9
       Phial of floods   |       |       |       |       |       |     1 |       |     4 |       ||     5
       Fan of gales      |       |       |       |       |       |       |       |     1 |       ||     1
       Box of beasts     |       |       |       |       |       |       |       |       |     7 ||     7
  Use: Scroll            |       |     5 |     3 |     5 |    16 |     4 |    15 |    12 |     1 ||    61
       Potion            |       |       |     1 |       |       |       |     1 |       |    14 ||    16
 Stab: Distracted        |       |     1 |     1 |     1 |    13 |    12 |     8 |     7 |     8 ||    51
       Invisible         |       |     1 |       |     1 |    15 |     7 |     2 |    49 |    16 ||    91
       Paralysed         |       |       |     1 |    35 |    15 |    15 |    13 |    17 |     7 ||   103
       Held in net/web   |       |       |       |       |       |       |       |       |     4 ||     4
  Eat: Chunk             |     2 |     7 |    13 |     8 |    30 |    22 |    17 |    11 |     2 ||   112
       Ration            |       |     1 |       |     2 |     3 |     4 |     5 |     5 |     5 ||    25
Armor: Scale mail        |    53 |    33 |       |       |       |       |       |       |       ||    86
       Plate armour      |       |   124 |   188 |   145 |   551 |   376 |       |       |       ||  1384
       Crystal plate arm |       |       |       |       |       |   249 |   336 |   253 |    43 ||   881
Dodge: Dodged            |    25 |    41 |    36 |    10 |    56 |    66 |    94 |   223 |    61 ||   612
Block: Medium shield     |    85 |   170 |   155 |    21 |       |       |       |       |       ||   431
       Large shield      |       |       |    90 |   337 |  1483 |  1567 |   947 |  1191 |   276 ||  5891
       Reflection        |       |       |       |       |    26 |    99 |    91 |    61 |     2 ||   279

Levels and vault maps discovered:
D:1:      nicolae_arrival_somewhat_less_tricky_arrival, layout_rooms,
          serial_forest, infiniplex_forest_corner_1,
          infiniplex_forest_lined_room_3, infiniplex_forest_side_room,
          infiniplex_forest_clump_long, infiniplex_forest_straight_3,
          infiniplex_forest_lined_4_way, dk_noncrumbling_4, minmay_liquid_box,
          wander_ebering_terrifying_dragon_lair
D:2:      layout_rooms, nicolae_overflow_hidden_temple, first_ration
D:3:      layout_loops_cross
D:4:      layout_layer_cave, temple_doors_e, ebering_ghost_gozag
D:5:      layout_cave_pools, basic_altar, dk_vineyard_1, uniq_pikel
D:6:      layout_loops_cross, chequers_arboretum, grunt_ministairs_3,
          minmay_statues_item
D:7:      layout_gridville, nicolae_overflow_crystal_walls, lair_entry_dummy
D:8:      layout_loops_ring, hiddenorc1_lemuel, uniq_joseph
D:9:      layout_rooms, nicolae_qazlal_general_emergency, serial_shops,
          kennysheep_little_box, shop, nicolae_shop_crystal, shop_statue
D:10:     layout_loops_ring, serial_shops, shop_statue, nicolae_shop_trees,
          nicolae_shop_crystal, uniq_erolcha
D:11:     layout_rooms, uniq_kirke, uniq_erica, uniq_maurice
D:12:     grunt_enter_depths_hoard, layout_basic,
          lightli_vaults_fourway_checkpoint, serial_shops, shop, shop,
          shop_scrolls, nicolae_shop_window_shopping, minmay_misc_feat_five
Temple:   eino_temple_scatter_basement
Lair:1:   layout_long_grid, chequers_serial_rivers_micro_d
Lair:2:   layout_small_grid, elwin_shoals_entry_rooms,
          spider_nest_entry_web_field, gauntlet_entry_generic,
          chequers_serial_rivers_small_a
Lair:3:   layout_gridlike
Lair:4:   layout_small_grid, grunt_megastairs_1, infiniplex_staircase_pool,
          uniq_sonja, uniq_snorg, uniq_harold
Lair:5:   layout_misc_corridors, minmay_slime_entry_pillars,
          grunt_forest_large_clearings, uniq_josephine
Lair:6:   wormcave, layout_regular_city, guppyfry_lair_end_dragon
Shoals:1: layout_shoals
Shoals:2: layout_shoals, lemuel_oklob_altar
Shoals:3: shoals_end_simple, layout_shoals, serial_shops,
          nicolae_shop_competitors_out_of_business,
          minmay_shop_enchanted_jewellery, overgrown_statue
Spider:1: layout_spider_delve, spider_trap
Spider:2: layout_spider_delve, special_room [special_room_bee]
Spider:3: grunt_spider_rune_circles, nicolae_spider_circle_web
Slime:1:  layout_caves
Slime:2:  layout_caves
Slime:3:  layout_caves
Slime:4:  layout_caves
Slime:5
Orc:      grunt_orc_tribal_feast, layout_caves, serial_shops, shop
Elf:1:    layout_loops_corners, serial_shops, freezing_bzr,
          portal_ice_cave_entry_pillars_four, orc_legates
Elf:2:    layout_geoelf_octagon
Elf:3:    elf_hall, layout_geoelf_octagon, serial_shops, shop, nicolae_wwwww,
          hex_intersection, hex_tiny, minivault_16
Vaults:1: v_misc_25, hangedman_vaults_unwind, vaults_room_hallway, v_misc_13,
          serial_ice_h, hangedman_vaults_river_flow,
          nicolae_vaults_puzzle_piece, hangedman_vaults_stretched_pinwheel,
          ontoclasm_vaults_chip, nicolae_vaults_windows_and_doors_thing,
          vaults_dpeg_doors, hangedman_vaults_trim,
          nicolae_vaults_little_squares_1, vaults_mumra_chevron,
          layout_vaults_maze_snakey
Vaults:2: v_misc_13, v_misc_2, ontoclasm_vaults_fault, ontoclasm_vaults_idyll,
          vaults_room_fours, vaults_room_semicircle, vaults_mumra_minichess,
          hangedman_vaults_maws, ontoclasm_vaults_loading_screen,
          layout_vaults_chaotic_city, minmay_crypt_entry_skeletal_spiral,
          serial_shops, bzr_entry_lakeside, shop, shop, shop, uniq_mara,
          uniq_boris, uniq_donald, uniq_bai_suzhen, uniq_jory
Depths:1: minmay_tri_box, layout_cave_shapes, mu_enter_wizlab_7, pan_entry,
          hangedman_decor_slide_cut, grunt_hell_entry_dis_old, serial_shops,
          shop, grunt_ministairs_3
Depths:2: minmay_the_grid_triangle_9x9_rhombus_thin
          [minmay_the_grid_triangle_9x9_from_above,
          minmay_the_grid_triangle_9x9_prize_schism,
          minmay_the_grid_triangle_9x9_skeleton,
          minmay_the_grid_triangle_9x9_subtriangle], layout_honeycomb,
          enter_ziggurat_d, minmay_misc_feat_plants, hangedman_coc_ice_floe,
          lemuel_flamethrower_2
Depths:3: minmay_octagon_keep, layout_cave_pools, hell_entry, serial_shops,
          shop, abyss_entry, grunt_pan_entry_zigzag, ashenzari_altar_1,
          infiniplex_staircase_pillars_1, uniq_margery
Depths:4: angbandy_vault, layout_basic, ebering_ghost_disaster_area,
          minmay_misc_feat_encased, hell_entry, abyss_entry,
          rand_demon_pan_entry_5, serial_shops, nicolae_shop_waterfront,
          abandoned_shop, minmay_shoptagon, firewood_loft,
          basic_stair_grate_trap, infiniplex_staircase_x
Depths:5: grunt_zot_entry_gee_three, layout_cave_pools, serial_bayou_ford_a,
          grunt_mini_vestibule, grunt_decor_clamped, uniq_xtahua
Zot:1:    layout_basic, st_stairs_11
Zot:2:    layout_cathedral_of_symmetry, hangedman_elemental_grid_stream,
          grunt_megastairs_5
Zot:3:    layout_gridville
Zot:4:    layout_onion, grunt_ministairs_2, zot_minivault_1, grunt_megastairs_3,
          uniq_tiamat
Zot:5:    layout_gridlike, basic_stair_grate_trap

Table legend:
 A = Turns spent in this place as a percentage of turns spent in the entire game.
 B = Non-inter-level travel turns spent in this place as a percentage of non-inter-level travel turns spent in the entire game.
 C = Inter-level travel turns spent in this place as a percentage of turns spent in this place.
 D = Turns resting spent in this place as a percentage of non-inter-level travel turns spent in this place.
 E = Turns spent auto-exploring this place as a percentage of non-inter-level travel turns spent in this place.
 F = Non-inter-level travel turns spent in this place divided by the number of levels of this place that you've seen.
                   A       B       C       D       E      F
               +-------+-------+-------+-------+-------+----------------------
         Total | 100.0 | 100.0 |   9.9 |  16.3 |  47.2 | 946.8
       Dungeon |  25.3 |  23.6 |  16.2 |   8.5 |  54.8 | 929.8
        Temple |   0.3 |   0.3 |  20.7 |   0.0 |  97.8 | 134.0
          Lair |  15.7 |  14.8 |  15.2 |  12.8 |  54.1 | 1169.3
        Shoals |   5.5 |   5.6 |   8.7 |   0.9 |  65.2 | 879.3
   Spider Nest |   7.0 |   7.5 |   4.5 |  19.1 |  37.8 | 1175.7
    Slime Pits |   2.2 |   2.4 |   4.8 |  34.7 |   0.1 | 223.6
  Orcish Mines |   2.5 |   2.3 |  15.2 |  24.9 |  41.5 | 1098.0
   Elven Halls |   9.5 |  10.3 |   2.7 |  28.7 |  37.4 | 1623.7
        Vaults |   5.2 |   5.3 |   7.2 |   4.6 |  59.7 | 1257.5
        Depths |  12.5 |  12.6 |   9.4 |   6.3 |  57.8 | 1192.6
           Zot |   9.1 |   9.8 |   3.1 |  44.0 |  23.7 | 930.8
        Bazaar |   0.3 |   0.3 |   0.0 |   0.0 |  38.4 | 151.0
      Ice Cave |   2.6 |   2.9 |   0.0 |  38.0 |  27.5 | 1377.0
        Wizlab |   1.4 |   1.6 |   0.0 |   0.0 |  48.8 | 761.0
      Gauntlet |   0.7 |   0.8 |   0.0 |   8.4 |  40.2 | 358.0
               +-------+-------+-------+-------+-------+----------------------

Table legend:
 A = Kills in this place as a percentage of kills in entire the game.
 B = Kills by you in this place as a percentage of kills by you in the entire game.
 C = Kills by friends in this place as a percentage of kills by friends in the entire game.
 D = Other kills in this place as a percentage of other kills in the entire game.
 E = Experience gained in this place as a percentage of experience gained in the entire game.
 F = Experience gained in this place divided by the number of levels of this place that you have seen.
                   A       B       C       D       E      F
               +-------+-------+-------+-------+-------+----------------------
         Total | 100.0 | 100.0 | 100.0 | 100.0 | 100.0 | 27959.8
       Dungeon |  19.9 |  20.7 |   0.0 |   7.9 |   4.4 | 5175.6
          Lair |  10.9 |  11.4 |   0.0 |   3.9 |   4.7 | 11052.2
        Shoals |   6.7 |   6.6 |   0.0 |  11.8 |   4.9 | 22806.0
   Spider Nest |   7.8 |   8.1 |   0.0 |   3.9 |   3.9 | 18366.3
    Slime Pits |   4.9 |   5.1 |   0.0 |   2.6 |   5.6 | 15559.8
  Orcish Mines |   2.3 |   2.4 |   0.0 |   1.3 |   0.6 | 8896.0
   Elven Halls |   8.6 |   8.9 |   0.0 |   6.6 |   9.0 | 41793.3
        Vaults |   8.5 |   8.5 |   0.0 |  13.2 |   8.5 | 59463.0
        Depths |  17.9 |  16.1 |  63.9 |  39.5 |  30.1 | 84104.2
           Zot |   7.9 |   7.4 |  36.1 |   6.6 |  26.2 | 73364.4
      Ice Cave |   3.0 |   3.2 |   0.0 |   0.0 |   0.8 | 10523.0
        Wizlab |   1.6 |   1.5 |   0.0 |   2.6 |   1.1 | 14821.0
      Gauntlet |   0.2 |   0.2 |   0.0 |   0.0 |   0.2 | 2363.0
               +-------+-------+-------+-------+-------+----------------------
